 Dungeon Crawl Stone Soup version 0.30.0-29-ga12c61a403 (webtiles) character file.

Game seed: 2205203385503238488

197 GimliDwarf the Cleaver (level 5, -7/43 HPs)
             Began as a Gnoll Wanderer on June 15, 2023.
             Was a Follower of Dithmenos.
             Killed from afar by a white imp (11 damage)
             ... with a puff of frost
             ... on level 3 of the Dungeon.
             The game lasted 00:06:44 (2762 turns).

GimliDwarf the Cleaver (Gnoll Wanderer)             Turns: 2762, Time: 00:06:45

Health: -7/43      AC:  5    Str:  8    XL:     5   Next: 75%
Magic:  7/7        EV: 10    Int: 11    God:    Dithmenos [*.....]
Gold:   198        SH:  0    Dex: 17    Spells: 7/7 levels left

rFire   . . .        b - +0 falchion
rCold   . . .        (no shield)
rNeg    . . .        t - +0 ring mail
rPois   .            (no helmet)
rElec   .            (no cloak)
rCorr   .            (no gloves)
SInv    .            (no boots)
Will    .....        (no amulet)
Stlth   +            j - ring of flight
HPRegen 0.27/turn    (no ring)
MPRegen 0.10/turn

%: no passive effects
@: flying, wreathed by umbra
A: fangs 1, strong nose, distributed training
a: Renounce Religion


You were on level 3 of the Dungeon.
You worshipped Dithmenos.
Dithmenos was aware of your devotion.
You visited 1 branch of the dungeon, and saw 4 of its levels.

You collected 198 gold pieces.

Inventory:

Hand Weapons
 a - a +2 hand axe
 b - a +0 falchion (weapon)
 f - a +1 heavy mace
Missiles
 c - 7 poisoned darts (quivered)
Armour
 t - a +0 ring mail (worn)
Jewellery
 j - a ring of flight (left hand)
Scrolls
 d - a scroll of enchant armour {unknown}
 i - 3 scrolls of identify {unknown}
 k - a scroll of vulnerability {unknown}
 p - 3 scrolls of teleportation {unknown}
 q - a scroll of blinking {unknown}
 r - a scroll of immolation {unknown}
 u - a scroll of amnesia {unknown}
Potions
 e - a potion of berserk rage
 g - a potion of might {unknown}
 h - 2 potions of ambrosia {unknown}
 l - a potion of haste {unknown}
 m - a potion of curing {unknown}
 n - 2 potions of attraction {unknown}
 o - a potion of brilliance {unknown}
 s - a potion of heal wounds {unknown}


   Skills:
 + Level 4.9 Fighting
 + Level 1.7 Short Blades
 + Level 3.1 Long Blades
 + Level 8.7 Axes
 + Level 1.7 Maces & Flails
 + Level 1.7 Polearms
 + Level 1.7 Staves
 + Level 1.7 Ranged Weapons
 + Level 6.7 Throwing
 + Level 1.7 Armour
 + Level 1.7 Dodging
 + Level 1.7 Stealth
 + Level 1.7 Shields
 + Level 1.7 Unarmed Combat
 + Level 1.7 Spellcasting
 + Level 1.3 Conjurations
 + Level 1.3 Hexes
 + Level 1.3 Summonings
 + Level 1.3 Necromancy
 + Level 1.3 Translocations
 + Level 1.3 Transmutations
 + Level 1.3 Fire Magic
 + Level 1.3 Ice Magic
 + Level 1.3 Air Magic
 + Level 1.3 Earth Magic
 + Level 1.3 Poison Magic
 + Level 1.9 Invocations
 + Level 1.7 Evocations


You had 7 spell levels left.
You didn't know any spells.
Your spell library contained the following spells:

 Spells                   Type           Power      Damage    Failure   Level
 Apportation              Tloc           6%         N/A       45%         1
 Scorch                   Fire           6%         2d5       61%         2
 Flame Wave               Conj/Fire      3%         2d5       99%         4
 Alistair's Intoxication  Tmut/Pois      2%         N/A       100%        5
 Summon Cactus Giant      Summ           1%         N/A       100%        6


Dungeon Overview and Level Annotations

Branches:
Dungeon (4/15)
 Temple: D:4-7

Altars:
Dithmenos

Shops:
D:3 :

Annotations:
D:4 Sigmund


Innate Abilities, Weirdness & Mutations

You have very sharp teeth.
Your uncanny sense of smell can sniff out nearby items.
Your experience applies equally to all skills.


Message History

The white imp freezes you.
The ufetubus hits you but does no damage.
The ufetubus barely misses you.
You barely miss the white imp.
The white imp is lightly wounded.
The ufetubus closely misses you. The ufetubus hits you.
Sigmund the Dreaded comes into view.
He is wielding a +2 scythe of venom.
The white imp gestures at you. The puff of frost hits you.
The ufetubus barely misses you. The ufetubus misses you.
The white imp barely misses you. The ufetubus hits you.
The ufetubus hits you but does no damage.
You fly upwards.
There is a stone staircase leading down here.
You hit the white imp.
You bite the white imp, but do no damage.
The white imp is moderately wounded.
The ufetubus hits you but does no damage.
The ufetubus hits you. The white imp hits you. The white imp freezes you.
You hit the white imp but do no damage. Your bite misses the white imp.
The white imp is moderately wounded.
The ufetubus hits you. x2
The white imp gestures at you. The puff of frost hits you!
* * * LOW HITPOINT WARNING * * *
The ufetubus barely misses you. The ufetubus closely misses you.
The white imp hits you.
* * * LOW HITPOINT WARNING * * *
The white imp freezes you.
* * * LOW HITPOINT WARNING * * *
The ufetubus hits you but does no damage.
The ufetubus barely misses you. The ufetubus attacks as you move away!
The ufetubus closely misses you. The ufetubus hits you.
* * * LOW HITPOINT WARNING * * *
You barely miss the white imp.
The white imp is moderately wounded.
The white imp gestures at you. The puff of frost hits you!
You die...

...# #.##.##..#
##.# #.##.##..#
##.#######..#.##..#
#..........#.##..#
#.#######.....#..#
#.# #........# #.#
###.....##.# #.#
#.......##.#
#<#####......55@.#
#...........>.####
#########...###
#...........#
##.########.##
............#
##.########## ##.##
....#


You could see a white imp and an ufetubus.

Vanquished Creatures
  Terence (D:3)
  7 gnolls
  2 adders (D:3)
  3 dart slugs
  5 orcs (D:3)
  6 bats
  6 endoplasms
  7 goblins
  8 hobgoblins
  4 jackals (D:3)
  6 quokkas (D:1)
  8 ball pythons
  A frilled lizard (D:2)
  4 kobolds
  6 rats
74 creatures vanquished.

Notes
Turn   | Place    | Note
-------+----------+-------------------------------------------
     0 | D:1      | GimliDwarf the Gnoll Wanderer began the quest for the Orb.
     0 | D:1      | GimliDwarf set off with the following items: a +2 hand axe,
                  | a +0 falchion, 7 poisoned darts, a +0 dagger, a potion of
                  | berserk rage, a +0 robe.
     0 | D:1      | Reached XP level 1. HP: 20/20 MP: 1/1
   261 | D:1      | Reached XP level 2. HP: 24/26 MP: 2/2
   667 | D:1      | Reached XP level 3. HP: 20/31 MP: 3/3
  1102 | D:2      | Reached skill level 1 in Invocations
  1186 | D:2      | Reached skill level 1 in Short Blades
  1186 | D:2      | Reached skill level 1 in Maces & Flails
  1186 | D:2      | Reached skill level 1 in Polearms
  1186 | D:2      | Reached skill level 1 in Staves
  1186 | D:2      | Reached skill level 1 in Ranged Weapons
  1186 | D:2      | Reached skill level 1 in Armour
  1186 | D:2      | Reached skill level 1 in Dodging
  1186 | D:2      | Reached skill level 1 in Stealth
  1186 | D:2      | Reached skill level 1 in Shields
  1186 | D:2      | Reached skill level 1 in Unarmed Combat
  1186 | D:2      | Reached skill level 1 in Spellcasting
  1186 | D:2      | Reached skill level 1 in Evocations
  1287 | D:2      | Reached XP level 4. HP: 38/38 MP: 5/5
  1440 | D:2      | Found a shadowy altar of Dithmenos.
  1467 | D:2      | Reached skill level 1 in Conjurations
  1467 | D:2      | Reached skill level 1 in Hexes
  1467 | D:2      | Reached skill level 1 in Summonings
  1467 | D:2      | Reached skill level 1 in Necromancy
  1467 | D:2      | Reached skill level 1 in Translocations
  1467 | D:2      | Reached skill level 1 in Transmutations
  1467 | D:2      | Reached skill level 1 in Fire Magic
  1467 | D:2      | Reached skill level 1 in Ice Magic
  1467 | D:2      | Reached skill level 1 in Air Magic
  1467 | D:2      | Reached skill level 1 in Earth Magic
  1467 | D:2      | Reached skill level 1 in Poison Magic
  1709 | D:2      | Became a worshipper of Dithmenos the Shadowed
  2077 | D:3      | Noticed Terence
  2102 | D:3      | Reached XP level 5. HP: 37/43 MP: 5/7
  2108 | D:3      | Killed Terence
  2203 | D:3      | Found Vofapec's Vocational Training.
  2506 | D:3      | Reached * piety under Dithmenos
  2754 | D:4      | Noticed Sigmund
  2762 | D:3      | Killed from afar by a white imp

Illustrated notes

Levels and vault maps discovered:
D:1:      dpeg_arrival_round_a, layout_basic, minmay_misc_feat_doors,
          minmay_tromino_v4_c
D:2:      layout_rooms, basic_altar, chequers_hall_statues_wall_a,
          serial_bayou_pond_b, reono_crystal_passage, kennysheep_generic_room_10
D:3:      layout_loops_ring, nicolae_shop_vocational, uniq_terence
D:4:      layout_basic, minmay_temple_entry_water_ring, serial_demonic,
          serial_demonic_d, serial_demonic_e, serial_demonic_d,
          serial_demonic_d, serial_demonic_g, serial_demonic_e,
          serial_demonic_g, serial_demonic_a, minmay_curled_crystal,
          uniq_sigmund

Skill      XL: |  1  2  3  4  5 |
---------------+----------------+-----
Invocations    | 1 |  1.9
Short Blades   | 1 |  1.7
Maces & Flails | 1 |  1.7
Polearms       | 1 |  1.7
Staves         | 1 |  1.7
Ranged Weapons | 1 |  1.7
Armour         | 1 |  1.7
Dodging        | 1 |  1.7
Stealth        | 1 |  1.7
Shields        | 1 |  1.7
Unarmed Combat | 1 |  1.7
Spellcasting   | 1 |  1.7
Evocations     | 1 |  1.7
Conjurations   | 1 |  1.3
Hexes          | 1 |  1.3
Summonings     | 1 |  1.3
Necromancy     | 1 |  1.3
Translocations | 1 |  1.3
Transmutations | 1 |  1.3
Fire Magic     | 1 |  1.3
Ice Magic      | 1 |  1.3
Air Magic      | 1 |  1.3
Earth Magic    | 1 |  1.3
Poison Magic   | 1 |  1.3
Long Blades    | 3 |  3.1
Fighting       | |  4.9
Axes           | |  8.7
Throwing       | |  6.7

Action                     |  1- 3 |  4- 6 || total
---------------------------+-------+-------++-------
  Melee: Falchion          |   138 |   115 ||   253
         Bite              |    11 |    17 ||    28
         Punch             |     2 |     5 ||     7
  Throw: Dart              |       |    12 ||    12
   Stab: Sleeping          |     2 |     1 ||     3
 Armour: Robe              |    31 |       ||    31
         Scale mail        |    26 |    23 ||    49
         Ring mail         |       |    25 ||    25
  Dodge: Dodged            |   101 |    66 ||   167
